Map: [ESL] Oceanborn

Players

MaNa - Winner!

  • Race: Protoss Protoss
  • Spawn Location: 5:00

Lambo

  • Race: Zerg Zerg
  • Spawn Location: 11:00

Event: ESL SC2 Masters 2024 Spring (Regional)

VOD

Have the link to the VOD?

Description

Time

  • Played on: April 27, 2024, 10:36 a.m.
  • Length: 10:46

All games in this series

Show
View Real Time Build Order
Export as new Build Order

MaNa Protoss - Winner!

Build Orders: 1 Gate Expand, Oracle Opening, Chargelot Immortal 

Get SALT Encoding   

  12  0:00  Probe  
  13  0:12  Probe  
  14  0:19  Pylon  
  14  0:24  Probe  
  15  0:37  Probe (Chrono Boost)  
  16  0:44  Gateway  
  16  0:46  Probe (Chrono Boost)  
  17  0:51  Probe  
  17  0:52  Assimilator  
  18  1:03  Probe (Chrono Boost)  
  19  1:13  Probe (Chrono Boost)  
  19  1:18  Probe (Chrono Boost)  
  21  1:28  Nexus  
  21  1:39  Cybernetics Core  
  21  1:42  Probe  
  22  1:48  Assimilator  
  22  1:53  Pylon  
  22  1:55  Probe  
  23  2:11  Probe  
  23  2:12  Adept (Chrono Boost)  
  26  2:18  Stargate  
  26  2:23  Probe  
  26  2:26  Warp Gate  
  27  2:34  Adept (Chrono Boost)  
  27  2:35  Probe  
  30  2:41  Probe  
  31  2:47  Probe  
  32  2:53  Probe  
  32  2:55  Adept (Chrono Boost)  
  34  2:59  Probe  
  34  3:00  Oracle (Chrono Boost)  
  39  3:05  Probe  
  39  3:11  Probe  
  40  3:17  Probe  
  41  3:22  Pylon  
  41  3:23  Probe  
  42  3:29  Probe  
  42  3:32  Oracle (Chrono Boost)  
  44  3:40  Nexus  
  42  3:44  Probe  
  43  3:49  Gateway  
  43  3:57  Probe x2  
  45  4:04  Twilight Council  
  45  4:05  Forge  
  45  4:07  Pylon  
  45  4:11  Probe x2  
  45  4:16  Stalker  
  49  4:22  Assimilator  
  49  4:23  Probe x2  
  51  4:25  Assimilator  
  51  4:31  Pylon  
  51  4:35  Probe x2  
  53  4:40  Protoss Ground Weapons Level 1  
  53  4:44  Blink (Chrono Boost)  
  53  4:47  Probe x2 (Chrono Boost)  
  56  4:57  Probe x3 (Chrono Boost), Gateway  
  58  5:01  Gateway  
  58  5:04  Probe x2 (Chrono Boost)  
  58  5:05  Probe (Chrono Boost)  
  63  5:15  Probe (Chrono Boost)  
  63  5:17  Pylon, Probe (Chrono Boost)  
  63  5:18  Probe (Chrono Boost)  
  63  5:20  Probe (Chrono Boost)  
  64  5:24  Stalker x2  
  71  5:30  Probe x2 (Chrono Boost)  
  71  5:32  Probe (Chrono Boost)  
  71  5:33  Shield Battery  
  72  5:37  Robotics Facility, Probe (Chrono Boost)  
  72  5:40  Probe x2 (Chrono Boost)  
  75  5:44  Probe  
  74  5:50  Probe x2  
  74  5:53  Zealot, Stalker  
  74  5:54  Stalker  
  74  5:57  Stalker, Probe  
  83  6:01  Assimilator  
  83  6:02  Probe x2  
  83  6:03  Assimilator, Oracle (Chrono Boost)  
  87  6:09  Probe  
  91  6:14  Pylon, Probe  
  91  6:15  Probe  
  91  6:18  Pylon  
  93  6:19  Pylon  
  93  6:21  Pylon  
  93  6:24  Gateway  
  93  6:25  Gateway  
  93  6:28  Observer (Chrono Boost)  
  94  6:33  Gateway  
  94  6:34  Gateway  
  94  6:35  Templar Archives  
  94  6:38  Probe x3  
  97  6:41  Protoss Ground Weapons Level 2 (Chrono Boost)  
  97  6:44  Charge  
  97  6:46  Sentry x2  
  101  6:50  Pylon, Probe  
  101  6:52  Psionic Storm  
  102  6:55  Shield Battery  
  102  6:56  Zealot  
  102  6:59  Nexus  
  104  7:21  High Templar x3  
  109  7:25  High Templar  
  109  7:26  Photon Cannon  
  109  7:28  Immortal (Chrono Boost)  
  111  7:32  Gateway  
  111  7:33  Gateway  
  115  7:40  Observer  
  115  7:41  Pylon  
  115  7:42  Photon Cannon  
  115  7:49  Stalker x4  
  115  7:50  Pylon  
  123  7:52  Pylon  
  123  7:57  Robotics Facility  
  123  8:00  Immortal  
  123  8:03  Zealot x4  
  135  8:20  Stalker x3  
  135  8:22  Probe x3  
  135  8:25  Shield Battery  
  144  8:30  Assimilator  
  144  8:31  High Templar x2  
  144  8:32  Assimilator  
  148  8:35  Probe x2  
  148  8:40  Forge  
  144  8:43  Immortal (Chrono Boost)  
  150  8:54  Zealot x5, Immortal (Chrono Boost)  
  156  9:12  Observer (Chrono Boost)  
  156  9:15  Probe  
  158  9:20  Zealot x3, High Templar x2, Photon Cannon x2  
  170  9:24  Archon, Warp Prism (Chrono Boost)  
  168  9:39  Zealot x2  
  168  9:49  Observer  
  145  9:55  Zealot x6  
  145  9:56  Zealot x2  
  153  10:07  Archon x2  
  153  10:08  Observer  
  153  10:11  Zealot x2  
  142  10:25  Stalker x3  
  142  10:26  Stalker x5  
  125  10:35  Zealot  
  125  10:36  Zealot  
Show
View Real Time Build Order
Export as new Build Order

Lambo Zerg 

Build Orders: Hatch First, Lurkers 

Get SALT Encoding   

  12  0:00  Drone  
  13  0:12  Overlord  
  13  0:18  Drone  
  14  0:30  Drone x2  
  16  0:36  Drone  
  17  0:51  Hatchery  
  17  0:55  Drone  
  17  0:58  Drone  
  18  1:09  Extractor  
  17  1:13  Spawning Pool  
  17  1:16  Drone  
  17  1:19  Drone  
  18  1:29  Drone  
  19  1:39  Drone  
  20  1:51  Overlord  
  20  2:00  Queen  
  22  2:02  Queen  
  22  2:03  Zergling x2, Drone  
  26  2:09  Metabolic Boost  
  26  2:11  Zergling x2  
  26  2:13  Drone  
  28  2:22  Drone  
  29  2:24  Drone  
  30  2:32  Drone  
  31  2:37  Hatchery  
  31  2:39  Drone  
  31  2:48  Overlord  
  31  2:56  Queen  
  33  3:00  Zergling x2  
  33  3:01  Drone  
  33  3:03  Drone  
  36  3:07  Queen  
  36  3:08  Overlord  
  36  3:12  Drone x3  
  41  3:16  Zergling x2  
  42  3:20  Zergling x2  
  42  3:21  Overlord  
  42  3:33  Drone x4  
  44  3:38  Drone  
  45  3:42  Queen  
  45  3:44  Drone  
  45  3:47  Drone  
  49  3:49  Drone x2  
  50  3:57  Drone x3  
  53  4:03  Queen  
  53  4:06  Spore Crawler  
  53  4:09  Drone x3  
  57  4:11  Drone  
  57  4:13  Drone  
  57  4:15  Overlord  
  59  4:18  Drone x2  
  59  4:23  Spore Crawler  
  60  4:24  Drone  
  60  4:25  Drone x2  
  60  4:28  Evolution Chamber, Zergling x2  
  63  4:34  Overlord  
  63  4:35  Zergling x6  
  66  4:42  Overlord  
  66  4:45  Overlord, Drone  
  66  4:53  Zerg Melee Weapons Level 1, Extractor  
  66  4:54  Roach Warren  
  66  4:56  Drone x6  
  66  4:58  Drone x2  
  73  5:00  Drone  
  73  5:08  Drone x3  
  73  5:11  Hatchery  
  75  5:17  Overlord  
  75  5:18  Extractor  
  75  5:19  Overlord  
  73  5:25  Drone x2  
  73  5:26  Drone x2  
  77  5:33  Drone  
  77  5:35  Roach x6  
  90  5:47  Drone x3  
  90  5:48  Extractor, Lair  
  91  5:51  Zergling x8  
  91  5:53  Drone x5, Queen  
  91  5:56  Roach  
  101  6:01  Overlord  
  101  6:03  Overlord  
  101  6:08  Roach x2  
  105  6:11  Overlord  
  105  6:12  Drone  
  105  6:17  Spore Crawler  
  105  6:18  Overlord  
  104  6:19  Overlord  
  104  6:20  Overlord  
  104  6:22  Drone x3  
  107  6:26  Drone x3  
  107  6:28  Drone  
  107  6:30  Drone x2  
  113  6:33  Overlord  
  113  6:36  Zergling x10  
  113  6:38  Pneumatized Carapace  
  113  6:39  Drone  
  119  6:41  Drone  
  119  6:42  Extractor  
  119  6:43  Spore Crawler  
  119  6:45  Zergling x2  
  119  6:47  Drone x4  
  119  6:50  Overseer  
  119  6:51  Zergling x2, Infestation Pit  
  122  6:55  Glial Reconstitution  
  122  6:57  Extractor  
  122  6:58  Zergling x16  
  122  7:00  Drone  
  130  7:06  Hydralisk Den  
  129  7:14  Drone x2  
  130  7:17  Overlord  
  130  7:23  Drone x9  
  130  7:26  Extractor  
  130  7:27  Extractor, Zerg Missile Weapons Level 1  
  130  7:28  Hive  
  130  7:29  Roach  
  139  7:30  Drone  
  139  7:31  Drone x2  
  139  7:33  Drone  
  143  7:37  Hatchery  
  143  7:40  Hydralisk x8, Roach  
  158  7:52  Spine Crawler, Lurker Den  
  158  7:53  Muscular Augments  
  158  7:57  Ravager  
  157  8:00  Overlord  
  157  8:02  Drone x2  
  157  8:04  Spine Crawler  
  157  8:06  Spine Crawler  
  157  8:08  Drone x2  
  157  8:09  Drone x2  
  157  8:10  Evolution Chamber  
  157  8:11  Spine Crawler  
  158  8:17  Overlord, Hatchery  
  157  8:21  Hydralisk x3  
  157  8:22  Roach x2  
  157  8:23  Roach  
  169  8:28  Overlord  
  169  8:30  Spine Crawler  
  169  8:31  Roach x4, Spine Crawler  
  169  8:33  Overlord  
  173  8:48  Drone x2  
  173  8:49  Zergling x30  
  185  8:56  Zergling x12  
  185  8:58  Extractor, Hatchery  
  185  8:59  Lurker  
  185  9:00  Lurker  
  185  9:01  Seismic Spines, Adrenal Glands, Extractor  
  191  9:12  Hydralisk x4, Spine Crawler  
  191  9:15  Drone  
  191  9:22  Overseer  
  191  9:23  Lurker x5  
  196  9:24  Hatchery  
  196  9:27  Zergling x10  
  199  9:32  Overlord, Spine Crawler x2  
  199  9:34  Spine Crawler  
  199  9:38  Roach x6, Hydralisk  
  196  9:39  Roach x2  
  196  9:43  Roach  
  189  9:47  Roach x11  
  178  9:52  Hydralisk  
  178  9:53  Hydralisk x2  
  178  9:54  Zergling x6  
  178  9:56  Ravager  
  178  9:57  Lurker  
  186  10:01  Hydralisk x3  
  186  10:02  Hydralisk  
  186  10:05  Hydralisk  
  175  10:10  Hydralisk x3  
  163  10:14  Hydralisk x2  
  163  10:17  Hydralisk x2  
  154  10:22  Hydralisk x2  
Tags
 
Add a new tag
Caveats
  • Supply blocks, unpowered buildings, or Contaminate may cause inaccurate times.
  • Supply counts are checked every 10 seconds.